 Dungeon Crawl Stone Soup version 0.23-a0-586-gacb4b3f (webtiles) character file.

11 Lanoc the Slasher (level 2, -1/23 HPs)
             Began as a Barachi Gladiator on Dec 19, 2018.
             Slain by a leopard gecko (2 damage)
             ... on level 1 of the Dungeon.
             The game lasted 00:01:25 (241 turns).

Lanoc the Slasher (Barachi Gladiator)                Turns: 241, Time: 00:01:26

Health: -1/23      AC:  4    Str: 15    XL:     2   Next: 25%
Magic:  2/2        EV: 13    Int:  8    God:
Gold:   0          SH:  0    Dex: 13    Spells: 1/1 levels left

rFire    . . .     SeeInvis .   a - +0 long sword
rCold    . . .     Gourm    .   (no shield)
rNeg     . . .     Faith    .   b - +0 leather armour
rPois    .         Spirit   .   c - +0 helmet
rElec    .         Reflect  .   (no cloak)
rCorr    .         Harm     .   (no gloves)
MR       .....                  (no boots)
Stlth    +.........             (no amulet)
HPRegen  0.07/turn              (no ring)
MPRegen  0.08/turn              (no ring)

@: lethally poisoned (-1 -> -5), slow
A: +LOS, swims, slowness 1, strong legs 1
a: Hop


You were on level 1 of the Dungeon.
You were not hungry.

You visited 1 branch of the dungeon, and saw 1 of its levels.

Inventory:

Hand Weapons
 a - a +0 long sword (weapon)
Missiles
 d - 3 throwing nets (quivered)
Armour
 b - a +0 leather armour (worn)
 c - a +0 helmet (worn)
Scrolls
 h - a scroll of immolation {unknown}
Comestibles
 f - 2 rations
 g - 3 chunks of flesh


   Skills:
 + Level 2.6 Fighting
 * Level 4.0 Long Blades
 + Level 2.1 Throwing
 + Level 0.5 Armour
 + Level 3.3 Dodging


You had one spell level left.
You didn't know any spells.
Your spell library was empty.

Dungeon Overview and Level Annotations

Branches:
Dungeon (1/15)

Altars:


Innate Abilities, Weirdness & Mutations

Shadows flee at your approach. (+LOS)
You can swim through water.
You cover ground slowly.
You can hop short distances.


Message History

* * * LOW HITPOINT WARNING * * *
You feel sick. The leopard gecko closely misses you.
The leopard gecko completely misses you.
* * * LOW HITPOINT WARNING * * *
You feel sick. The leopard gecko misses you. The rat barely misses you.
You riposte.
You closely miss the rat.
You feel sick.
The ooze quivers.
The leopard gecko bites you.
* * * LOW HITPOINT WARNING * * *
You see here a glowing cyan potion.
It was a potion of magic.
Magic courses through your body.
* * * LOW HITPOINT WARNING * * *
You feel sick. The leopard gecko bites you.
* * * LOW HITPOINT WARNING * * *
The rat closely misses you.
You closely miss the leopard gecko. The leopard gecko bites you.
* * * LOW HITPOINT WARNING * * *
The rat barely misses you. The leopard gecko bites you.
You die...

#..............#
#).............. #.
#...............
#.#####...............
#.....)..##...J.......
#.###.####............
#.###.# #......####.
#.#.(.# #..lr...###..
#.#.######...@........
#..........#####.###.#
#........... ...
#.#######.#. ### #.#
#. ####.# #. ##...#
##.#.# #....#


You could see an ooze, a leopard gecko and a rat.

Vanquished Creatures
  A bat (D:1)
  A giant cockroach (D:1)
  3 hobgoblins (D:1)
  A frilled lizard (D:1)
  A goblin (D:1)
  3 kobolds (D:1)
  A rat (D:1)
11 creatures vanquished.

Notes
Turn   | Place    | Note
-------+----------+-------------------------------------------
     0 | D:1      | Lanoc the Barachi Gladiator began the quest for the Orb.
     0 | D:1      | Reached XP level 1. HP: 17/17 MP: 1/1
   135 | D:1      | Reached XP level 2. HP: 9/23 MP: 2/2
   219 | D:1      | Reached skill level 4 in Long Blades
   241 | D:1      | HP: 1/23 [leopard gecko (1)]
   241 | D:1      | Slain by a leopard gecko

Vault maps used:
D:1:      evilmike_arrival_fibonacci_small, serial_glass, glass_columns_b,
          glass_columns_a, minmay_misc_feat_room, bh_walls_and_bars

Skill      XL: |  1  2 |
---------------+-------+-----
Long Blades    | 4 |  4.0
Fighting       | |  2.6
Throwing       | |  2.1
Armour         | |  0.5
Dodging        | |  3.3

Action                   || total
-------------------------++-------
Melee: Long sword        ||    27
  Use: Scroll            ||     1
       Potion            ||     1
Armor: Leather armour    ||     7
Dodge: Dodged            ||    30
       Rpst.: Long sword ||     5

Table legend:
 A = Non-vault XP
 B = Vault XP
 C = Vault XP percentage of total XP
 D = Non-vault monster count
 E = Vault monster count
 F = Vault count percentage of total count
                 A         B        C        D         E       F
            +---------+---------+-------+---------+---------+-------
      Total |      16 |       0 |   0.0 |      11 |       0 |   0.0
            +---------+---------+-------+---------+---------+-------
        D:1 |      16 |       0 |   0.0 |      11 |       0 |   0.0
            +---------+---------+-------+---------+---------+-------
